 Dungeon Sprint DCSS version bcrawl-1.19.1 (webtiles) character file.

Game seed: 4403834327165989720

125 Freyura the Cudgeler (level 4, 0/30 HPs)
             Began as a Skeleton Fighter on Dec 8, 2019.
             Slain by a phantom (4 damage)
             ... in the Dungeon (Sprint IX: "|||||||||||||||||||||||||||||").
             The game lasted 00:00:40 (69 turns).

Freyura the Cudgeler (Skeleton Fighter)               Turns: 69, Time: 00:00:41

Health: 0/30       AC:  7    Str: 22    XL:     4   Next: 82%
Magic:  0/4        EV: 10    Int:  7    God:
Gold:   0          SH: 10    Dex:  9    Spells: 3/3 levels left

rFire    . . .     SeeInvis .   a - +0 flail
rCold    + . .     Gourm    .   c - +0 shield
rNeg     + + +     Faith    .   b - +0 scale mail
rPois    ∞         Spirit   +   (no helmet)
rElec    .         Reflect  .   (no cloak)
rCorr    .         Harm     .   (no gloves)
MR       .....     NoTele   +   (no boots)
Stlth    ..........             (no amulet)
HPRegen  0.10/turn              (no ring)
MPRegen  0.09/turn              (no ring)

@: no status effects
A: no food or potions, cold resistance 1, deterioration 1, negative energy
resistance 3, torment resistance, unbreathing, magic shield, sturdy frame 1,
spell healing
a: no special abilities


You were in the Dungeon.
You were not hungry.

You visited 1 branch

Inventory:

Hand Weapons
 a - a +0 flail (weapon)
Armour
 b - a +0 scale mail (worn)
 c - a +0 shield (worn)
Scrolls
 d - a scroll of blinking


   Skills:
 + Level 4.9 Fighting
 * Level 7.0 Maces & Flails
 + Level 5.4 Armour
 + Level 3.6 Dodging
 + Level 5.8 Shields


You had 3 spell levels left.
You didn't know any spells.
Your spell library was empty.

Dungeon Overview and Level Annotations

Branches:
Dungeon (1/1)

Altars:


Innate Abilities, Weirdness & Mutations

You do not eat or drink.
You are immune to poison.
Your flesh is cold resistant. (rC+)
Your body sometimes deteriorates upon taking damage.
You are immune to negative energy. (rN+++)
You are immune to unholy pain and torment.
You can survive without breathing.
When hurt, damage is shared between your health and your magic reserves.
Your movements are slightly less encumbered by armour. (ER -2)
Casting spells heals you.


Message History

You hit the scorpion.
The scorpion is almost dead.
The phantom blinks!
You block the scorpion's attack. The scorpion barely misses you.
You hit the scorpion.
You kill the scorpion!
You feel your strength returning.
Your Maces & Flails skill increases to level 7!
Your Armour skill increases to level 5!
The phantom blinks!
You closely miss the phantom. The phantom hits you.
* * * LOW HITPOINT WARNING * * *
You bludgeon the phantom!!
The phantom is heavily damaged.
The phantom hits you.
* * * LOW HITPOINT WARNING * * *
You closely miss the phantom.
The phantom is heavily damaged.
The phantom hits you.
You die...

▓+▓
▓.▓
▓.▓
▓.▓
▓.▓
▓.▓
▓†▓
▓.▓
▓@▓
▓W▓
▓.▓
▓(▓
▓)▓
▓.▓
▓.▓
▓.▓
▓<▓


You could see a phantom.

Vanquished Creatures
  A scorpion (D)
  A howler monkey (D)
  A hound (D)
  A goblin (D)
  A hobgoblin (D)
  A ball python zombie (D)
  A frilled lizard (D)
  A kobold (D)
  A rat (D)
9 creatures vanquished.

Notes
Turn   | Place    | Note
-------+----------+-------------------------------------------
     0 | D        | Freyura the Skeleton Fighter began the quest for the Orb.
     0 | D        | Reached XP level 1. HP: 14/14 MP: 1/1
    13 | D        | Reached skill level 3 in Maces & Flails
    22 | D        | Reached skill level 1 in Dodging
    46 | D        | Noticed a scorpion
    46 | D        | Noticed a phantom
    46 | D        | Noticed a howler monkey
    46 | D        | Noticed a hound
    50 | D        | Killed a hound
    50 | D        | Reached skill level 5 in Maces & Flails
    50 | D        | Reached XP level 2. HP: 18/20 MP: 2/2
    50 | D        | Reached XP level 3. HP: 22/24 MP: 3/3
    55 | D        | Reached skill level 6 in Maces & Flails
    55 | D        | Reached skill level 5 in Shields
    55 | D        | Reached XP level 4. HP: 22/30 MP: 4/4
    65 | D        | Reached skill level 7 in Maces & Flails
    65 | D        | Reached skill level 5 in Armour
    69 | D        | Slain by a phantom

Skill      XL: |  1  2  3  4 |
---------------+-------------+-----
Maces & Flails | 5 6 7 |  7.0
Dodging        | 2 3 |  3.6
Shields        | 4 5 |  5.8
Armour         | 4 5 |  5.4
Fighting       | 4 |  4.9

Action                   |  1- 3 |  4- 6 || total
-------------------------+-------+-------++-------
Melee: Flail             |    27 |    13 ||    40
Armor: Scale mail        |    10 |     2 ||    12
Dodge: Dodged            |     9 |     4 ||    13
Block: Shield            |    11 |     6 ||    17
